 Dungeon Crawl Stone Soup version 0.21.1-1-g345015f (webtiles) character file.

142 vatarom the Chiller (level 5, 33/38 HPs)
             Began as a Merfolk Ice Elementalist on Apr 5, 2018.
             Quit the game on level 3 of the Dungeon.
             The game lasted 00:07:18 (2866 turns).

vatarom the Chiller (Merfolk Ice Elementalist)      Turns: 2866, Time: 00:07:19

Health: 33/38      AC:  3    Str:  8    XL:     5   Next: 25%
Magic:  9/9        EV: 13    Int: 15    God:
Gold:   66         SH:  0    Dex: 15    Spells: 3/9 levels left

rFire    . . .     SeeInvis .   l - +1 short sword (elec)
rCold    . . .     Gourm    .   (no shield)
rNeg     . . .     Faith    .   a - +0 robe
rPois    .         Spirit   .   (no helmet)
rElec    .         Reflect  .   (no cloak)
rCorr    .         Harm     .   g - +0 pair of gloves
MR       .....                  (no boots)
Stlth    ++........             (no amulet)
HPRegen  0.12/turn              (no ring)
MPRegen  0.11/turn              (no ring)

@: no status effects
A: change form in water, swift swim, stealthy swim
a: no special abilities


You were on level 3 of the Dungeon.
You were not hungry.

You visited 1 branch of the dungeon, and saw 3 of its levels.

You collected 66 gold pieces.

Inventory:

Hand Weapons
 l - a +1 short sword of electrocution (weapon)
Armour
 a - a +0 robe (worn)
 g - a +0 pair of gloves (worn)
Jewellery
 j - an uncursed amulet of rage {unknown}
Scrolls
 d - a scroll of blinking {unknown}
 f - a scroll of remove curse
 h - 2 scrolls of identify {unknown}
 k - a scroll of enchant weapon {unknown}
Potions
 i - a potion of agility {unknown}
Books
 b - a book of Frost

   Spells                             Type                      Level
   a - Freeze                         Ice                          1
   b - Throw Frost                    Conjuration/Ice              2
   c - Ozocubu's Armour               Charms/Ice                   3
   d - Throw Icicle                   Conjuration/Ice              4
   e - Summon Ice Beast               Ice/Summoning                4
Comestibles
 c - 2 rations
 m - a chunk of flesh


   Skills:
 + Level 2.0 Fighting
 - Level 2.8 Dodging
 - Level 2.3 Stealth
 + Level 2.8 Spellcasting
 * Level 0.7 Conjurations
 * Level 5.2 Ice Magic


You had 3 spell levels left.
You knew the following spells:

 Your Spells              Type           Power        Failure   Level  Hunger
a - Freeze                Ice            ###.         2%          1    #......
b - Throw Frost           Conj/Ice       ##....       9%          2    ##.....
c - Ozocubu's Armour      Chrm/Ice       #.......     22%         3    ###....


Dungeon Overview and Level Annotations

Branches:
Dungeon (3/15)

Altars:
Uskayaw


Message History

The rat bites you.
You hit the rat.
You kill the rat!
There is an open door here.
Things that are here:
a chain mail; a rat corpse
There is an open door here.
Things that are here:
a chain mail; a rat corpse You butcher the rat corpse.
m - a chunk of flesh
There is an open door here.
You see here a chain mail.
Okay, then.
You start resting.
You start resting.
Magic restored.
Okay, then.
You start resting.
Are you sure you want to abandon this character and quit the game? (Confirm with "yes".)

..... ##... ... ..
#.##... ##..# #.# #.
#......##...## #.# #.
.......).....# #.#####
#. #.##.#.##...## #..
..# #< #. ##.## #.#
#.# #. #. #.#
#.###.###. .. #.#
#......... ## ##@##
#####.#### ##.).##
#........ ##.....##
#.##.###. ##.......##
#..#.# #.
#.........####....# #.
+.........+.......###.
#.........####).......
##.......## ##.#.####
##.....## ###.#


There were no monsters in sight!

Vanquished Creatures
  An orc wizard (D:3)
  An orc priest (D:3)
  A hound skeleton (D:3)
  2 adders (D:2)
  3 worms (D:2)
  A dart slug (D:1)
  A leopard gecko (D:1)
  2 orcs (D:3)
  2 bats (D:1)
  3 giant cockroaches
  4 goblins
  4 hobgoblins
  2 jackals (D:1)
  A ball python (D:2)
  5 frilled lizards
  7 kobolds
  5 rats
45 creatures vanquished.

Vanquished Creatures (others)
  A withered plant (D:3)
1 creature vanquished.

Grand Total: 46 creatures vanquished

Notes
Turn   | Place    | Note
-------+----------+-------------------------------------------
     0 | D:1      | vatarom the Merfolk Ice Elementalist began the quest for the Orb.
     0 | D:1      | Reached XP level 1. HP: 13/13 MP: 3/3
   215 | D:1      | Reached XP level 2. HP: 19/19 MP: 1/5
   371 | D:1      | Reached skill level 4 in Ice Magic
   816 | D:1      | Reached XP level 3. HP: 22/24 MP: 3/6
  1072 | D:2      | Learned a level 2 spell: Throw Frost
  1076 | D:2      | Learned a level 3 spell: Ozocubu's Armour
  1577 | D:2      | Found a hide-covered altar of Uskayaw.
  1908 | D:2      | Reached skill level 1 in Fighting
  2065 | D:2      | Reached XP level 4. HP: 32/32 MP: 5/7
  2749 | D:3      | Reached skill level 5 in Ice Magic
  2763 | D:3      | Reached XP level 5. HP: 21/38 MP: 0/9
  2866 | D:3      | Quit the game

Skill      XL: |  1  2  3  4 |
---------------+-------------+-----
Ice Magic      | 4 5 |  5.2
Fighting       | 1 2 |  2.0
Dodging        | |  2.8
Stealth        | |  2.3
Spellcasting   | |  2.8
Conjurations   | |  0.7

Action                   |  1- 3 |  4- 6 || total
-------------------------+-------+-------++-------
Melee: Unarmed           |     5 |       ||     5
       Dagger            |    28 |    19 ||    47
       Short sword       |       |     2 ||     2
 Cast: Freeze            |    68 |    22 ||    90
       Throw Frost       |     4 |     5 ||     9
  Use: Scroll            |     1 |       ||     1
 Stab: Sleeping          |     3 |       ||     3
  Eat: Chunk             |     5 |     1 ||     6
       Ration            |       |     1 ||     1
Armor: Robe              |     7 |     5 ||    12
Dodge: Dodged            |    60 |    24 ||    84
